 Dungeon Crawl Stone Soup version 0.28.0-43-g3370ac3207 (webtiles) character file.

Game seed: 7136958104629509196

9191 boopmooplesden the Carver (level 11, 0/148 HPs)
             Began as a Minotaur Fighter on Mar 31, 2022.
             Was a Believer of Trog.
             Succumbed to Sonja's curare-tipped dart
             ... on level 10 of the Dungeon.
             The game lasted 00:16:12 (10126 turns).

boopmooplesden the Carver (Minotaur Fighter)       Turns: 10126, Time: 00:16:12

Health: 0/148      AC: 25    Str: 25    XL:     11   Next: 19%
Magic:  10/10      EV:  2    Int:  9    God:    Trog [**....]
Gold:   0          SH:  0    Dex: 20    Spells: 10/10 levels left

rFire   + . .      SeeInvis .   C - +0 great sword "Killer Klown's Regret" {speed, rPois Str+4 Int+2}
rCold   + . .      Faith    .   (shield currently unavailable)
rNeg    . . .      Spirit   .   (armour currently unavailable)
rPois   +          Reflect  .   (helmet currently unavailable)
rElec   +          Harm     .   (cloak currently unavailable)
rCorr   +          Rampage  .   (gloves currently unavailable)
Will    .....      NoTele   +   (boots currently unavailable)
Stlth   ++........              (no amulet)
HPRegen 0.34/turn               A - +6 ring of dexterity
MPRegen 0.12/turn               (no ring)

@: lethally poisoned (0 -> -4), tree-form, resistant, on berserk cooldown,
slowed, very slow
A: stationary, stasis, torment immunity, boosted hp, (horns 2), (retaliatory
headbutt), agile 1, (cold resistance 1), (deformed body)
a: Renounce Religion, Berserk, Trog's Hand


You were on level 10 of the Dungeon.
You worshipped Trog.
Trog was pleased with you.
You were a tree.
You visited 2 branches of the dungeon, and saw 11 of its levels.
You also visited: Sewer.

You collected 433 gold pieces.
You spent 433 gold pieces at shops.

Inventory:

Hand Weapons
 a - a +1 war axe
 n - a +1 long sword of venom
 C - the +0 great sword "Killer Klown's Regret" (weapon) {speed, rPois Str+4 Int+2}
   (You bought it in a shop on level 1 of the Dungeon)

   Attacks with this weapon are significantly faster.
   Str:       It affects your strength (+4).
   Int:       It affects your intelligence (+2).
   rPois:     It protects you from poison.
Missiles
 j - a silver boomerang (quivered)
Armour
 b - a +1 hat (melded)
 c - a +1 buckler
 q - the +1 plate armour of the Guardian (melded) {Regen+ Dex+4 Slay-2 SInv}
   (You found it on level 4 of the Dungeon)

   Dex:       It affects your dexterity (+4).
   Slay:      It affects your accuracy & damage with ranged weapons and melee
   (-2).
   SInv:      It lets you see invisible.
   Regen:     It increases your rate of health regeneration.
 y - the +1 pair of boots "Facoikhom" (melded) {+Blink rPois Int-2}
   (You found it on level 4 of the Dungeon)

   Int:       It affects your intelligence (-2).
   rPois:     It protects you from poison.
   +Blink:    It lets you blink.
 H - a +0 cloak (melded)
 I - a +0 pair of gloves (melded)
Jewellery
 o - an amulet of magic regeneration
 A - a +6 ring of dexterity (left branch)
Wands
 i - a wand of paralysis (10)
 p - a wand of acid (17)
 x - a wand of iceblast (28)
 B - a wand of flame (11)
 G - a wand of polymorph (3)
Scrolls
 e - a scroll of blinking
 g - 7 scrolls of fog
 v - 2 scrolls of silence
Potions
 d - 3 potions of might
 f - a potion of attraction
 k - 2 potions of berserk rage
 l - a potion of lignification
 m - a potion of mutation
 r - a potion of haste {unknown}
 s - 2 potions of degeneration
 t - a potion of brilliance {unknown}
 u - a potion of flight
 w - a potion of cancellation {unknown}
 z - a potion of invisibility {unknown}
 D - a potion of resistance
 E - 2 potions of heal wounds {unknown}
 F - 2 potions of magic {unknown}


   Skills:
 + Level 9.9 Fighting
 + Level 12.0 Long Blades
 + Level 4.9 Axes
 + Level 1.6 Throwing
 + Level 11.0 Armour
 + Level 2.5 Dodging
 + Level 1.0 Stealth
 + Level 8.7 Shields
 + Level 0.1 Unarmed Combat
 + Level 1.3 Evocations


You had 10 spell levels left.
You didn't know any spells.
Your spell library contained the following spells:

 Spells                   Type           Power      Damage    Failure   Level
 Beastly Appendage        Tmut           0%         N/A       38%         1
 Wereblood                Tmut           0%         N/A       52%         2
 Gell's Gravitas          Tloc           0%         N/A       77%         3
 Spider Form              Tmut/Pois      0%         N/A       77%         3
 Teleport Other           Tloc           0%         N/A       77%         3
 Dispersal                Tloc           0%         N/A       100%        6


Dungeon Overview and Level Annotations

Branches:
Dungeon (10/15)            Temple (1/1) D:6            Lair (0/6) D:8
  Sewer (visited)
    Orc: D:9-12

Altars:
Ashenzari
Cheibriados
Dithmenos
Elyvilon
Fedhas
Gozag
Hepliaklqana
Kikubaaqudgha
Makhleb
Nemelex Xobeh
Okawaru
Qazlal
Ru
Sif Muna
Trog
Uskayaw
Vehumet
Wu Jian
Xom
Yredelemnul
Zin
The Shining One

Shops:
D:1 (   D:8 *

Annotations:
D:9 5 transporters
D:10 Sonja


Innate Abilities, Weirdness & Mutations

You are a tree.
Your roots penetrate the ground, keeping you stationary.
You cannot be teleported.
You are immune to unholy pain and torment.
Your maximum health is greatly increased.
Your equipment is partially melded.
((You have a pair of horns on your head.))
((You reflexively headbutt those who attack you in melee.))
You are agile. (Dex +2)
((Your flesh is cold resistant. (rC+)))
((Armour fits poorly on your strangely shaped body.))


Message History

Sonja hits you but does no damage. x2
You completely miss Sonja. Your headbutt misses Sonja.
Sonja is severely wounded.
You feel very sick. Sonja hits you but does no damage. Sonja barely misses you.
Sonja hits you but does no damage.
Sonja mumbles some strange words.
Sonja blinks!
You feel protected.
You feel very sick.
Sonja throws a curare-tipped dart.
The curare-tipped dart hits you.
You are more poisoned.
You have difficulty breathing.
* * * LOW HITPOINT WARNING * * *
You feel as though you will be slow longer.
Sonja mumbles some strange words.
Sonja blinks!
As you read the scroll of teleportation, it crumbles to dust.
You feel strangely unstable.
* * * LOW HITPOINT WARNING * * *
You feel extremely sick.
Sonja mumbles some strange words.
Sonja blinks!
Your surroundings suddenly seem different.
* * * LOW HITPOINT WARNING * * *
You feel very sick.
It was a potion of mutation.
You feel extremely strange.
Your body twists and deforms.
You feel resistant to cold.
You feel agile.
* * * LOW HITPOINT WARNING * * *
You feel very sick.
It was a potion of lignification.
You turn into a tree.
Your +0 cloak melds into your body.
Your +1 hat melds into your body.
Your +0 pair of gloves melds into your body.
The +1 pair of boots "Facoikhom" {+Blink rPois Int-2} melds into your body.
The +1 plate armour of the Guardian {Regen+ Dex+4 Slay-2 SInv} melds into your body.
Your roots penetrate the ground.
* * * LOW HITPOINT WARNING * * *
You feel very sick.
It was a potion of flight.
Your roots keep you in place.
You die...

...##.#####'######.........######
#####..# #.....###.............#
.....#.####..##.###.............#
..................+...........>.#
........<.....#+###.............#
........................####'####
........o..#.#..........# #.#
.....##'####.#..........# #.#
.....##..###.#..♣..###### #.####
.....###)#.............# #....#
.....###)#.#>..........## ####.#
.........#.#..##........# ####.#
#####.........##...####'####....#
..........)..###...#.......#.####
..........#........#.#...#.#.#
.....#....##.###...#...†...#.#
###..........# #...+...<...'.#


There were no monsters in sight!

Vanquished Creatures
  Gastronok (D:10)
  3 two-headed ogres (D:9)
  A deep elf pyromancer (D:8)
  A manticore (D:8)
  An elephant (D:8)
  Psyche (D:10)
  A troll (D:9)
  7 yaks
  A wraith (D:9)
  A basilisk (D:8)
  A wyvern (D:7)
  A steam dragon (D:6)
  An ice beast (D:8)
  2 black bears
  An orc warrior (D:8)
  A necrophage (D:6)
  2 ogres
  4 centaurs
  A phantom (D:5)
  3 kobold brigands
  A bullfrog (D:6)
  3 gnoll sergeants
  A scorpion (D:6)
  A water moccasin skeleton (D:6)
  A killer bee (D:10)
  5 wights (D:8)
  4 howler monkeys
  3 centaur zombies
  A gnoll shaman (D:5)
  A hound (D:6)
  A jelly (D:6)
  4 orc priests
  A centaur skeleton (D:6)
  6 orc wizards
  3 iguanas
  2 howler monkey zombies
  14 gnolls
  19 adders
  A river rat (Sewer)
  2 shadow imps (D:7)
  2 white imps
  An ufetubus (D:4)
  2 worms
  A dart slug (D:3)
  23 orcs
  10 ball pythons
  8 endoplasms
  4 giant cockroaches
  8 goblins
  10 hobgoblins
  3 jackals
  3 quokkas
  5 bats
  6 frilled lizards
  16 kobolds
  18 rats
229 creatures vanquished.

Vanquished Creatures (others)
  Maurice (D:8)
  An orc wizard (D:9)
  An orc (D:9)
  A fungus (D:8)
  4 plants
8 creatures vanquished.

Grand Total: 237 creatures vanquished

Notes
Turn   | Place    | Note
-------+----------+-------------------------------------------
     0 | D:1      | boopmooplesden the Minotaur Fighter began the quest for the
                  | Orb.
     0 | D:1      | Reached XP level 1. HP: 19/19 MP: 0/0
   242 | D:1      | Reached XP level 2. HP: 27/27 MP: 1/1
   649 | D:1      | Found Qanoast's Weapon Shop.
  1015 | D:2      | Reached XP level 3. HP: 32/33 MP: 2/2
  1649 | D:2      | Reached XP level 4. HP: 40/40 MP: 3/3
  1849 | D:3      | Reached skill level 1 in Dodging
  2105 | D:3      | Reached XP level 5. HP: 19/47 MP: 4/4
  3530 | D:4      | Found a glowing drain.
  3557 | Sewer    | Entered a sewer
  3716 | Sewer    | Reached XP level 6. HP: 53/53 MP: 5/5
  3800 | Sewer    | Reached skill level 1 in Long Blades
  3800 | Sewer    | Reached skill level 5 in Armour
  3868 | Sewer    | Reached skill level 5 in Fighting
  3868 | Sewer    | Reached skill level 2 in Long Blades
  4487 | D:4      | Identified the +1 plate armour of the Guardian {Regen+
                  | Dex+4 Slay-2 SInv}
  4517 | D:4      | Reached skill level 3 in Long Blades
  4651 | D:4      | Reached XP level 7. HP: 61/61 MP: 6/6
  4828 | D:4      | Identified the +1 pair of boots "Facoikhom" {+Blink rPois
                  | Int-2}
  4893 | D:5      | Entered Level 5 of the Dungeon
  4912 | D:5      | Reached skill level 4 in Long Blades
  5644 | D:6      | Reached skill level 5 in Shields
  5673 | D:6      | Found an iron altar of Okawaru.
  5716 | D:6      | Reached skill level 5 in Long Blades
  5744 | D:6      | Reached XP level 8. HP: 30/70 MP: 7/7
  5840 | D:6      | Found a staircase to the Ecumenical Temple.
  5891 | Temple   | Entered the Ecumenical Temple
  6154 | Temple   | Became a worshipper of Trog the Wrathful
  6406 | D:6      | Reached skill level 6 in Long Blades
  6909 | D:7      | Reached skill level 7 in Long Blades
  7481 | D:7      | Reached XP level 9. HP: 56/78 MP: 8/8
  7848 | D:8      | Reached * piety under Trog
  7870 | D:8      | Noticed an elephant
  7896 | D:8      | Reached skill level 8 in Long Blades
  7993 | D:8      | Killed an elephant
  8041 | D:8      | Noticed a deep elf pyromancer
  8055 | D:8      | HP: 6/121 [fire elemental[a deep elf pyromancer] (8)]
  8055 | D:8      | Noticed a manticore
  8056 | D:8      | Killed a deep elf pyromancer
  8057 | D:8      | Reached skill level 9 in Long Blades
  8087 | D:8      | Noticed Maurice
  8108 | D:8      | Killed Maurice
  8109 | D:8      | Reached XP level 10. HP: 58/90 MP: 9/9
  8128 | D:8      | Killed a manticore
  8129 | D:8      | Reached skill level 1 in Throwing
  8234 | D:8      | Found a staircase to the Lair.
  8248 | D:8      | Found Nurchina's CLEARANCE SALE!.
  8392 | D:9      | Noticed a two-headed ogre
  8400 | D:9      | Killed a two-headed ogre
  8401 | D:9      | Reached skill level 10 in Armour
  8401 | D:9      | Reached skill level 1 in Stealth
  8401 | D:9      | Reached skill level 1 in Evocations
  8553 | D:9      | Reached ** piety under Trog
  8574 | D:9      | Found a transporter.
  8584 | D:9      | Found a transporter.
  8599 | D:9      | Found a transporter.
  8599 | D:9      | Found a transporter.
  8770 | D:9      | Noticed a two-headed ogre
  8775 | D:9      | Noticed a two-headed ogre
  8780 | D:10     | Entered Level 10 of the Dungeon
  8846 | D:10     | Noticed Gastronok
  8865 | D:10     | Killed Gastronok
  8866 | D:10     | Reached skill level 10 in Long Blades
  8934 | D:10     | Noticed Psyche
  8947 | D:10     | Reached skill level 11 in Long Blades
  9162 | D:9      | Found a transporter.
  9168 | D:9      | Found a transporter.
  9217 | D:9      | Killed a two-headed ogre
  9218 | D:9      | Reached XP level 11. HP: 66/97 MP: 10/10
  9340 | D:9      | Killed a two-headed ogre
  9572 | D:1      | Bought the +0 great sword "Killer Klown's Regret" {speed,
                  | rPois Str+4 Int+2} for 433 gold pieces
  9876 | D:10     | Killed Psyche
  9877 | D:10     | Reached skill level 12 in Long Blades
 10091 | D:10     | Noticed Sonja
 10123 | D:10     | HP: 4/99 [poisoned by Sonja (curare-tipped dart)]
 10124 | D:10     | Gained mutation: Armour fits poorly on your strangely
                  | shaped body. [potion of mutation]
 10124 | D:10     | Gained mutation: Your flesh is cold resistant. (rC+)
                  | [potion of mutation]
 10124 | D:10     | Gained mutation: You are agile. (Dex +2) [potion of
                  | mutation]
 10125 | D:10     | HP: 1/148 [poisoned by Sonja (curare-tipped dart)]
 10126 | D:10     | Succumbed to Sonja's curare-tipped dart

Illustrated notes

Levels and vault maps discovered:
D:1:      sevenhm_arrival_forest_fort_large_2, layout_basic, serial_shops,
          nicolae_shop_bloodbath_and_beyond, serial_bayou_pond_a
D:2:      layout_loops_ring, minmay_misc_feat_room, kennysheep_big_empty_room,
          minmay_misc_feat_four_crosses, minmay_misc_feat_tiny
D:3:      minmay_recursive_quarters, layout_basic, kennysheep_nub,
          grunt_ministairs_12, kennysheep_generic_room_15
D:4:      layout_cave_pools, cheibrodos_sewer_entry_drain,
          nicolae_zen_rock_garden, kennysheep_donut,
          chequers_serial_rivers_small_a
D:5:      layout_gridville, minmay_misc_feat_enclosed
D:6:      layout_gridville, mainiacjoe_overflow_24_doors, temple_pool_b
D:7:      layout_layer_cave, st_stairs_4
D:8:      layout_rooms, david_lair_generic, nicolae_shop_clearance, uniq_maurice
D:9:      layout_basic, serial_nicolae_subway, nicolae_sub_station_metal,
          nicolae_sub_station_crystal, nicolae_sub_station_stone
D:10:     layout_basic, kennysheep_small_square, uniq_grum, uniq_sonja,
          uniq_gastronok, uniq_psyche
Temple:   mainiacjoe_temple_hex_bubbles

Skill      XL: |  1  2  3  4  5  6  7  8  9 10 11 |
---------------+----------------------------------+-----
Fighting       | 4 5 6 8 9 |  9.9
Axes           | 3 4 |  4.9
Shields        | 4 5 6 7 8 |  8.7
Armour         | 4 5 6 8 9 10 11 | 11.0
Dodging        | 1 2 |  2.5
Long Blades    | 3 5 7 9 11 12 | 12.0
Throwing       | 1 |  1.6
Stealth        | 1 |  1.0
Evocations     | 1 |  1.3
Unarmed Combat | |  0.1

Action                   |  1- 3 |  4- 6 |  7- 9 | 10-12 || total
-------------------------+-------+-------+-------+-------++-------
Melee: War axe           |    79 |    56 |       |       ||   135
       Headbutt          |    11 |    31 |    73 |    53 ||   168
       Long sword        |       |   191 |   273 |   111 ||   575
       Unarmed           |       |       |       |     1 ||     1
       Great sword       |       |       |       |    43 ||    43
Throw: Boomerang         |       |       |    11 |       ||    11
Invok: Berserk           |       |       |     2 |     4 ||     6
Evoke: Wand              |       |       |     7 |       ||     7
  Use: Potion            |       |     1 |     2 |     4 ||     7
       Scroll            |       |     5 |    13 |     4 ||    22
Armor: Scale mail        |    55 |   102 |       |       ||   157
       Plate armour      |       |    10 |   267 |   104 ||   381
Dodge: Dodged            |    53 |   114 |   120 |    78 ||   365
Block: Buckler           |    25 |    60 |   157 |    46 ||   288
